 Dungeon Sprint DCSS version 0.19-a0-1732-g0b18a7b (webtiles) character file.

538002 George the Invulnerable (level 21, 0/201 HPs)
             Began as a Minotaur Fighter on Sept 30, 2016.
             Was the Champion of Okawaru.
             Killed from afar by Lom Lobon (44 damage)
             ... with a great icy blast
             ... in the Dungeon (Sprint IX: "|||||||||||||||||||||||||||||").
             The game lasted 00:53:45 (11105 turns).

George the Invulnerable (Minotaur Fighter)         Turns: 11105, Time: 00:53:45

Health: 0/201      AC: 40    Str: 27 (28) XL:     21   Next: 81%
Magic:  40/42      EV: 27    Int: 14      God:    Okawaru [******]
Gold:   1142       SH: 28    Dex: 25      Spells: 0 memorised, 74 levels left

rFire  + . .     SeeInvis +     L - +11 long sword "Qaetuda" {slice, -Tele Int+3 Dex+2 SInv}
rCold  + . .     Gourm    .     P - +2 gold dragon armour
rNeg   + + +     Faith    .     b - +0 large shield "Amuorhubb" {-Cast rN+ MR+ rCorr}
rPois  +         Spirit   .     p - +0 hat of Welaq {Str+3 Int+3 Slay+2}
rElec  .         Dismiss  .     J - +0 cloak {+Inv}
rCorr  +         Reflect  .     q - +1 pair of gloves {Str+3}
MR     +++..     Harm     .     M - +2 pair of boots {run}
Stlth  .......... NoTele   +    c - amulet of regeneration NoCast +
                                O - ring "Teizoadd" {+Inv rN+++ MP-9 Int+3}
                                l - +2 ring of slaying

@: lethally poisoned (0 -> 0), finesse, frozen, very slow
A: retaliatory headbutt, hooves 2, horns 2, icy blue scales 1, thin skeletal
structure 1, agile 2, deterioration 2, frail 1, magic resistance 1, weak 1,
evolution 1
a: Heroism, Finesse, Renounce Religion, Evoke Invisibility
}: 9/15 runes: decaying, serpentine, barnacled, slimy, elven, silver, golden,
abyssal, gossamer


You were in the Dungeon.
You worshipped Okawaru.
Okawaru was exalted by your worship.
You were near starving.

You visited 1 branch You collected 1945 gold pieces.
You spent 803 gold pieces at shops.

Inventory:

Hand Weapons
 H - a +2 scimitar of flaming
 L - the +11 long sword "Qaetuda" (weapon) {slice, -Tele Int+3 Dex+2 SInv}
   (Okawaru gifted it to you in the Dungeon)

   It inflicts extra damage upon your enemies.
   It affects your intelligence (+3).
   It affects your dexterity (+2).
   It lets you see invisible.
   It prevents most forms of teleportation.
Missiles
 a - 5 steel javelins
 y - 6 silver javelins (quivered)
 A - 3 throwing nets
Armour
 b - the +0 large shield "Amuorhubb" (worn) {-Cast rN+ MR+ rCorr}
   (You found it in the Dungeon)

   It protects you from negative energy.
   It affects your resistance to hostile enchantments.
   It prevents spellcasting.
   It protects you from acid and corrosion.
 p - the +0 hat of Welaq (worn) {Str+3 Int+3 Slay+2}
   (You found it in the Dungeon)

   It affects your strength (+3).
   It affects your intelligence (+3).
   It affects your accuracy and damage with ranged weapons and melee attacks
   (+2).
 q - a +1 pair of gloves of strength (worn)
 s - the +2 scale mail of Ibruovap {rElec rCorr}
   (Okawaru gifted it to you in the Dungeon)

   It insulates you from electricity.
   It protects you from acid and corrosion.
 J - a +0 cloak of invisibility (worn)
 M - a +2 pair of boots of running (worn)
 P - a +2 gold dragon armour (worn)
Jewellery
 c - an amulet of regeneration (around neck)
 l - a +2 ring of slaying (left hand)
 m - a +2 ring of slaying
 t - an uncursed ring of fire
 C - the ring "Cuamomm" {+Blink MR+}
   (You found it in the Dungeon)

   [ring of protection from magic]

   It affects your resistance to hostile enchantments.
   It lets you blink.
 E - the macabre finger necklace {rN+}
   (You took it off a yaktaur captain in the Dungeon)

   [amulet of nothing]

   It protects you from negative energy.
 K - the ring of Quah {rN+ AC+3 Int+3}
   (You found it in the Dungeon)

   [ring of protection]

   It affects your AC (+3).
   It affects your intelligence (+3).
   It protects you from negative energy.
 N - the ring of Xom's Amusement {EV+3 Dex+3}
   (You found it in the Dungeon)

   [ring of evasion]

   It affects your evasion (+3).
   It affects your dexterity (+3).
 O - the ring "Teizoadd" (right hand) {+Inv rN+++ MP-9 Int+3}
   (You found it in the Dungeon)

   [ring of intelligence]

   It affects your intelligence (+3).
   It renders you almost immune to negative energy.
   It affects your magic capacity (-9).
   It lets you turn invisible.
Wands
 Q - a wand of hasting (5/9)
Scrolls
 k - 12 scrolls of blinking
 n - 4 scrolls of remove curse
 v - 3 scrolls of fear
 w - 3 scrolls of recharging
 z - 2 scrolls of identify
 D - 4 scrolls of fog
 G - 2 scrolls of enchant weapon
Potions
 d - 3 potions of might
 e - 9 potions of curing
 g - a potion of heal wounds
 h - 3 potions of haste
 i - 4 potions of magic
 j - a potion of berserk rage
 r - 5 potions of cure mutation
 x - a potion of resistance
 B - 6 potions of agility
Miscellaneous
 F - the horn of Geryon
Comestibles
 f - 12 bread rations
 o - 12 meat rations
 u - 40 fruits


   Skills:
 O Level 27 Fighting
 O Level 27 Long Blades
 + Level 25.4 Throwing
 O Level 27 Armour
 O Level 27 Dodging
 O Level 27 Shields
 O Level 27 Spellcasting
 O Level 27 Invocations
 O Level 27 Evocations


You had 74 spell levels left.
You didn't know any spells.

Dungeon Overview and Level Annotations

Branches:
Dungeon (1/1)

Altars:
Cheibriados
Dithmenos
Elyvilon
Fedhas
Gozag
Hepliaklqana
Kikubaaqudgha
Makhleb
Nemelex Xobeh
Okawaru
Qazlal
Ru
Sif Muna
Trog
Uskayaw
Vehumet
Xom
Yredelemnul
Zin
The Shining One
Beogh
Jiyva
Lugonu

Shops:
D ([*}

Annotations:
D Gloorx Vloq, Lom Lobon


Innate Abilities, Weirdness & Mutations

You reflexively headbutt those who attack you in melee.
You have a pair of horns on your head.
You have hoof-like feet.
You are partially covered in icy blue scales. (AC +2)
You have a somewhat thin skeletal structure. (Dex +2, Stealth)
You are very agile. (Dex +4)
Your body often deteriorates upon taking damage.
You are frail. (-10% HP)
You are resistant to hostile enchantments. (MR+)
You are weak. (Str -2)
You evolve.


Message History

You feel sick.
You feel sick.
The ball lightning explodes!
The blast of lightning engulfs Lom Lobon.
Lom Lobon completely resists.
The blast of lightning engulfs you!
The blast of lightning engulfs the ball lightning.
The ball lightning completely resists.
Lom Lobon gestures at you.
Lom Lobon conjures a mighty blast of ice!
The great icy blast engulfs you! You partially resist.
* * * LOW HITPOINT WARNING * * *
You are encased in ice.
You are engulfed in freezing vapours.
You resist.
You feel sick.
The ball lightning explodes!
The blast of lightning engulfs Lom Lobon.
Lom Lobon completely resists.
The blast of lightning engulfs you! Lom Lobon gestures at you.
Lom Lobon conjures a mighty blast of ice!
The great icy blast engulfs you! You partially resist.
You die...

▓...')...))))...)))))...
▓▓▓▓▓▓▓▓▓▓▓▓▓▓▓▓♣♣♣♣♣♣♣♣
▓.......................
▓.▓▓▓▓▓▓▓▓▓▓▓▓▓▓▓▓▓▓▓▓▓▓
▓.....')...........'....
▓▓▓▓▓▓▓▓▓▓▓▓▓▓▓▓▓▓▓▓▓▓▓▓
▓..............)........
▓.▓▓▓▓▓▓▓▓▓▓▓▓▓▓▓▓▓▓▓▓▓▓
▓.....&@§§§§§§1&......§§
▓▓▓▓▓▓▓▓▓▓▓▓▓▓▓▓▓▓▓▓▓▓▓▓


You could see Lom Lobon and an Executioner.

Vanquished Creatures
  Asmodeus (D)
  the Royal Jelly (D)
  Dispater (D)
  3 orbs of fire (D)
  5 ancient liches (D)
  7 greater mummies (D)
  Sojobo (D)
  Geryon (D)
  3 bone dragons (D)
  4 golden dragons (D)
  3 electric golems (D)
  2 liches (D)
  3 tentacled monstrosities (D)
  29 Orb Guardians (D)
  2 deep elf blademasters (D)
  Rupert (D)
  A titan (D)
  A deep elf master archer (D)
  7 acid blobs (D)
  12 sphinxes (D)
  Gastronok (D)
  Kirke (D)
  A tentacled starspawn (D)
  2 death cobs (D)
  3 tengu reavers (D)
  5 storm dragons (D)
  Donald (D)
  A fire giant (D)
  5 shadow dragons (D)
  A thorn hunter (D)
  Ilsuiw (D)
  4 draconian monks (D)
  6 azure jellies (D)
  A frost giant (D)
  7 nagarajas (D)
  2 draconian knights (D)
  A deep elf sorcerer (D)
  2 draconian zealots (D)
  6 vault wardens (D)
  A draconian scorcher (D)
  6 ghost moths (D)
  Louise (D)
  6 emperor scorpions (D)
  2 draconian shifters (D)
  4 draconian callers (D)
  2 ironheart preservers (D)
  4 stone giants (D)
  A deep elf demonologist (D)
  2 entropy weavers (D)
  4 very ugly things (D)
  8 vampire knights (D)
  3 black draconians (D)
  2 green draconians (D)
  Azrael (D)
  3 deep elf annihilators (D)
  A red draconian (D)
  2 yellow draconians (D)
  2 spark wasps (D)
  2 white draconians (D)
  A mottled draconian (D)
  A purple draconian (D)
  5 death oozes (D)
  3 merfolk impalers (D)
  2 deep elf death magi (D)
  3 ettins (D)
  3 merfolk javelineers (D)
  3 fire dragons (D)
  5 mummy priests (D)
  Erolcha (D)
  5 deep elf high priests (D)
  A great orb of eyes (shapeshifter) (D)
  10 hydras (D)
  6 yaktaur captains (D)
  2 ice dragons (D)
  A naga warrior (D)
  A rakshasa (D)
  25 vault guards (D)
  A merfolk avatar (D)
  A spriggan air mage (D)
  2 centaur warriors (D)
  6 merfolk aquamancers (D)
  A death yak (D)
  A tengu warrior (D)
  A deep troll earth mage (D)
  2 shock serpents (D)
  9 orc high priests (D)
  A spriggan berserker (D)
  2 naga sharpshooters (D)
  A shadow wraith (D)
  A spriggan druid (D)
  2 deep trolls (D)
  2 sea snakes (D)
  2 glowing orange brains (D)
  4 swamp dragons (D)
  3 ironbrand convokers (D)
  2 hill giants (D)
  5 orc knights (D)
  6 wolf spiders (D)
  A faun (shapeshifter) (D)
  4 manticores (D)
  2 necromancers (D)
  A cyclops (D)
  7 moths of wrath (D)
  A siren (D)
  2 naga magi (D)
  2 black mambas (D)
  2 vault sentinels (D)
  An apocalypse crab (D)
  Psyche (D)
  2 guardian serpents (D)
  5 spiny frogs (D)
  A spiny frog (shapeshifter) (D)
  A komodo dragon (shapeshifter) (D)
  4 demonic crawlers (D)
  A komodo dragon (D)
  16 guardian mummies (D)
  3 yaktaurs (D)
  A wandering mushroom (D)
  A yaktaur (shapeshifter) (D)
  2 tengu conjurers (D)
  2 ancient zymes (D)
  2 jumping spiders (D)
  2 polar bears (D)
  A merfolk (D)
  A bog body (D)
  2 slime creatures (D)
  3 hippogriffs (D)
  A snapping turtle (D)
  13 spriggans (D)
  A redback (D)
  A hog (D)
  A wyvern (D)
  A yak (D)
  A basilisk (D)
  A fire elemental (D)
  A golden eye (D)
  A chaos spawn (D)
  A mottled dragon (D)
  A hungry ghost (D)
  A vampire mosquito (D)
  4 nagas (D)
  2 large abominations (D)
  A water moccasin (D)
  2 floating eyes (D)
  2 porcupines (D)
  3 hell hounds (D)
  12 orc warriors (D)
  2 wasps (D)
  6 black bears (D)
  A sky beast (D)
  An eye of draining (D)
  2 boggarts (D)
  2 crocodiles (D)
  2 bullfrogs (D)
  A small abomination (D)
  2 scorpions (D)
  A howler monkey (D)
  A hound (D)
  6 orc wizards (D)
  7 orc priests (D)
  2 adders (D)
  3 river rats (D)
  A white imp (D)
  8 orcs (D)
  A hobgoblin (D)
  A quokka (D)
  A ball python zombie (D)
  A bat (D)
  A kobold (D)
  A leopard gecko skeleton (D)
  A quokka zombie (D)
  2 rats (D)
511 creatures vanquished.

Vanquished Creatures (others)
  2 humans (D)
  2 ball lightnings (D)
  A lurking horror (D)
  A starspawn tentacle (D)
6 creatures vanquished.

Grand Total: 517 creatures vanquished

Notes
Turn   | Place    | Note
-------+----------+-------------------------------------------
     0 | D        | George the Minotaur Fighter began the quest for the Orb.
     0 | D        | Reached XP level 1. HP: 19/19 MP: 0/0
    73 | D        | Noticed a hound
    73 | D        | Noticed a howler monkey
    75 | D        | Reached XP level 2. HP: 27/28 MP: 1/1
    80 | D        | Reached skill level 5 in Fighting
    80 | D        | Reached skill level 5 in Armour
    80 | D        | Reached skill level 5 in Shields
    80 | D        | Reached XP level 3. HP: 31/36 MP: 2/2
    86 | D        | Reached skill level 5 in Long Blades
    86 | D        | Reached XP level 4. HP: 29/44 MP: 3/3
    99 | D        | Found a roughly hewn altar of Beogh.
    99 | D        | Found a snail-covered altar of Cheibriados.
    99 | D        | Found a shadowy altar of Dithmenos.
    99 | D        | Found a white marble altar of Elyvilon.
    99 | D        | Found a blossoming altar of Fedhas.
    99 | D        | Found an opulent altar of Gozag.
   100 | D        | Found a hazy altar of Hepliaklqana.
   101 | D        | Found a viscous altar of Jiyva.
   102 | D        | Found an ancient bone altar of Kikubaaqudgha.
   103 | D        | Found a corrupted altar of Lugonu.
   104 | D        | Found a burning altar of Makhleb.
   105 | D        | Found a sparkling altar of Nemelex Xobeh.
   106 | D        | Found an iron altar of Okawaru.
   107 | D        | Found a stormy altar of Qazlal.
   108 | D        | Found a sacrificial altar of Ru.
   109 | D        | Found a deep blue altar of Sif Muna.
   110 | D        | Found a bloodstained altar of Trog.
   111 | D        | Found a hide-covered altar of Uskayaw.
   112 | D        | Found a radiant altar of Vehumet.
   113 | D        | Found a shimmering altar of Xom.
   114 | D        | Found a basalt altar of Yredelemnul.
   115 | D        | Found a glowing silver altar of Zin.
   116 | D        | Found a glowing golden altar of the Shining One.
   122 | D        | Became a worshipper of Warmaster Okawaru
   143 | D        | Got the +2 rapier "Spiderbane" {flame, rN++}
   207 | D        | Noticed a hill giant
   207 | D        | Noticed a wyvern
   213 | D        | Killed a hill giant
   213 | D        | Reached * piety under Okawaru
   213 | D        | Reached ** piety under Okawaru
   213 | D        | Reached skill level 5 in Invocations
   213 | D        | Reached XP level 5. HP: 36/57 MP: 3/8
   213 | D        | Reached XP level 6. HP: 40/63 MP: 3/9
   213 | D        | Reached XP level 7. HP: 45/70 MP: 3/10
   221 | D        | Killed a wyvern
   432 | D        | Noticed a slime creature
   432 | D        | Noticed a manticore
   435 | D        | Reached *** piety under Okawaru
   438 | D        | Reached skill level 10 in Armour
   438 | D        | Reached skill level 10 in Shields
   442 | D        | Killed a slime creature
   442 | D        | Reached skill level 10 in Fighting
   450 | D        | Killed a manticore
   450 | D        | Reached **** piety under Okawaru
   450 | D        | Reached skill level 10 in Long Blades
   450 | D        | Reached XP level 8. HP: 46/81 MP: 10/12
   708 | D        | Noticed a hippogriff
   708 | D        | Noticed a spiny frog
   721 | D        | Killed a hippogriff
   730 | D        | Killed a spiny frog
   730 | D        | Reached ***** piety under Okawaru
   730 | D        | Reached XP level 9. HP: 78/89 MP: 12/14
   810 | D        | Noticed a komodo dragon
   810 | D        | Noticed a spiny frog
   810 | D        | Noticed a spiny frog
   810 | D        | Noticed a death yak
   814 | D        | Killed a komodo dragon
   817 | D        | Killed a spiny frog
   825 | D        | Killed a spiny frog
   825 | D        | Received a gift from Okawaru
   838 | D        | Killed a death yak
   846 | D        | Reached XP level 10. HP: 79/100 MP: 8/16
   852 | D        | Received a gift from Okawaru
   861 | D        | Reached skill level 10 in Invocations
  1134 | D        | Noticed an orc knight
  1154 | D        | Killed an orc knight
  1480 | D        | Received a gift from Okawaru
  1533 | D        | Got a heavily runed buckler {god gift}
  1545 | D        | Identified the +3 buckler of Levity {rF+ Int+3} (Okawaru gifted it to you in the Dungeon)
  1567 | D        | Found Deducef's Antique Weapon Emporium.
  1567 | D        | Noticed an orc high priest
  1567 | D        | Noticed an orc high priest
  1567 | D        | Noticed an orc high priest
  1567 | D        | Noticed an orc high priest
  1568 | D        | Noticed a rust devil
  1580 | D        | Noticed a rust devil
  1584 | D        | Killed an orc high priest
  1588 | D        | Killed an orc high priest
  1588 | D        | Reached XP level 11. HP: 96/111 MP: 11/18
  1589 | D        | Found Weroof's Armour Shoppe.
  1589 | D        | Noticed an orc high priest
  1596 | D        | Killed an orc high priest
  1597 | D        | Found Tuyf's Assorted Antiques.
  1599 | D        | Gained mutation: You are partially covered in yellow scales. (AC +2) [a neqoxec]
  1603 | D        | Noticed an orc high priest
  1610 | D        | Killed an orc high priest
  1611 | D        | Found Katinan's Gadget Shoppe.
  1624 | D        | Killed an orc high priest
  1624 | D        | Reached skill level 15 in Fighting
  1624 | D        | Reached skill level 15 in Armour
  1624 | D        | Reached skill level 15 in Shields
  1625 | D        | Noticed an orc high priest
  1639 | D        | Noticed an orc high priest
  1641 | D        | Killed an orc high priest
  1641 | D        | Reached skill level 15 in Long Blades
  1642 | D        | Noticed an orc high priest
  1658 | D        | Killed an orc high priest
  1665 | D        | Killed an orc high priest
  1673 | D        | Killed an orc high priest
  1731 | D        | Bought 3 scrolls labeled GUSKEFF VELIE for 72 gold pieces
  1731 | D        | Bought a white potion for 21 gold pieces
  1731 | D        | Bought a potion of heal wounds for 120 gold pieces
  1731 | D        | Bought a lumpy peridot amulet for 120 gold pieces
  1731 | D        | Bought a pair of embroidered gloves for 108 gold pieces
  1731 | D        | Bought a scroll of blinking for 180 gold pieces
  1747 | D        | Bought a glowing long sword for 91 gold pieces
  1747 | D        | Bought a glowing long sword for 91 gold pieces
  2021 | D        | Noticed Erolcha
  2028 | D        | Killed Erolcha
  2028 | D        | Reached ****** piety under Okawaru
  2050 | D        | Noticed Gastronok
  2062 | D        | Killed Gastronok
  2062 | D        | Received a gift from Okawaru
  2089 | D        | Noticed Psyche
  2098 | D        | Killed Psyche
  2098 | D        | Reached skill level 1 in Dodging
  2208 | D        | Reached XP level 12. HP: 122/122 MP: 20/20
  2219 | D        | Noticed a tengu warrior
  2225 | D        | Noticed a stone giant
  2228 | D        | Noticed a purple very ugly thing
  2242 | D        | Noticed an ettin
  2246 | D        | Killed a stone giant
  2251 | D        | Killed a purple very ugly thing
  2251 | D        | Received a gift from Okawaru
  2259 | D        | Killed a tengu warrior
  2259 | D        | Received a gift from Okawaru
  2259 | D        | Reached skill level 5 in Dodging
  2278 | D        | Killed an ettin
  2560 | D        | Noticed Kirke
  2644 | D        | Killed Kirke
  2713 | D        | Noticed Rupert
  2732 | D        | Killed Rupert
  2786 | D        | Received a gift from Okawaru
  2809 | D        | Reached XP level 13. HP: 85/134 MP: 21/21
  3053 | D        | Noticed a merfolk javelineer
  3069 | D        | Reached skill level 10 in Dodging
  3091 | D        | Killed a merfolk javelineer
  3091 | D        | Received a gift from Okawaru
  3263 | D        | Noticed a thorn hunter
  3269 | D        | Received a gift from Okawaru
  3293 | D        | Killed a thorn hunter
  3301 | D        | Got a warped falchion {god gift}
  3303 | D        | Identified the +1 falchion "Killer Bee's Regret" {antimagic, rF+} (Okawaru gifted it to you in the Dungeon)
  3512 | D        | Noticed Donald
  3520 | D        | Killed Donald
  3603 | D        | Noticed a fire dragon
  3613 | D        | Noticed a stone giant
  3615 | D        | Noticed a frost giant
  3618 | D        | Noticed a tengu reaver
  3635 | D        | Killed a fire dragon
  3635 | D        | Received a gift from Okawaru
  3639 | D        | Noticed a fire dragon
  3648 | D        | Killed a stone giant
  3659 | D        | Killed a frost giant
  3666 | D        | Killed a tengu reaver
  3666 | D        | Reached XP level 14. HP: 119/147 MP: 17/22
  3793 | D        | Noticed a vault warden
  3793 | D        | Noticed a vault warden
  3793 | D        | Noticed a vault warden
  3801 | D        | Killed a vault warden
  3807 | D        | Killed a vault warden
  3825 | D        | Killed a vault warden
  3837 | D        | Noticed an entropy weaver
  3842 | D        | Noticed a green very ugly thing
  3847 | D        | Noticed an ironheart preserver
  3856 | D        | Noticed a fire giant
  3861 | D        | Noticed a vault warden
  3917 | D        | Killed an entropy weaver
  3917 | D        | Received a gift from Okawaru
  3918 | D        | Noticed an ironheart preserver
  3942 | D        | Killed a green very ugly thing
  3948 | D        | Killed an ironheart preserver
  3987 | D        | Killed a fire giant
  3989 | D        | Killed a vault warden
  3997 | D        | Reached skill level 15 in Dodging
  4010 | D        | Killed an ironheart preserver
  4011 | D        | HP: 2/151 [ettin/dire flail (23)]
  4049 | D        | Got a pair of warped boots {god gift}
  4060 | D        | Identified the +0 pair of boots "Huseidame" {rN++ Str-3} (Okawaru gifted it to you in the Dungeon)
  4072 | D        | Gained mutation: You have a somewhat thin skeletal structure. (Dex +2, Stealth) [mutagenic meat]
  4075 | D        | Gained mutation: Your body sometimes deteriorates upon taking damage. [mutagenic meat]
  4078 | D        | Gained mutation: Your magical capacity is low. (-10% MP) [mutagenic meat]
  4081 | D        | Gained mutation: You are resistant to hostile enchantments. (MR+) [mutagenic meat]
  4084 | D        | Gained mutation: You evolve. [mutagenic meat]
  4374 | D        | Noticed a tengu reaver
  4375 | D        | Noticed Sojobo
  4375 | D        | Noticed a tengu reaver
  4396 | D        | Killed a tengu reaver
  4427 | D        | Killed Sojobo
  4427 | D        | Received a gift from Okawaru
  4427 | D        | Reached XP level 15. HP: 25/160 MP: 16/21
  4430 | D        | Killed a tengu reaver
  4809 | D        | Noticed Louise
  4820 | D        | Killed Louise
  4923 | D        | Got the +0 large shield "Amuorhubb" {-Cast rN+ MR+ rCorr}
  4926 | D        | Got the +0 hat of Welaq {Str+3 Int+3 Slay+2}
  5085 | D        | Killed a ghost moth
  5092 | D        | Killed a ghost moth
  5129 | D        | Killed a ghost moth
  5177 | D        | Received a gift from Okawaru
  5194 | D        | Got a gossamer rune of Zot
  5201 | D        | Gained mutation: You are covered in fur. (AC +1) [mutagenic meat]
  5207 | D        | Gained mutation: You rapidly evolve. [mutagenic meat]
  5210 | D        | Gained mutation: You are frail. (-10% HP) [mutagenic meat]
  5219 | D        | Gained mutation: You have large cloven feet. [mutagenic meat]
  5228 | D        | Gained mutation: You are highly resistant to hostile enchantments. (MR++) [mutagenic meat]
  5231 | D        | Lost mutation: You are covered in fur. (AC +1) [mutagenic meat]
  5234 | D        | Lost mutation: Your magical capacity is low. (-10% MP) [mutagenic meat]
  5278 | D        | Noticed Ilsuiw
  5307 | D        | Killed Ilsuiw
  5357 | D        | Got a barnacled rune of Zot
  5406 | D        | Noticed a nagaraja
  5407 | D        | Noticed a nagaraja
  5415 | D        | Noticed a nagaraja
  5419 | D        | Killed a nagaraja
  5420 | D        | Noticed a nagaraja
  5425 | D        | Killed a nagaraja
  5426 | D        | Noticed a nagaraja
  5429 | D        | Noticed a nagaraja
  5433 | D        | Noticed a nagaraja
  5440 | D        | Killed a nagaraja
  5451 | D        | Killed a nagaraja
  5459 | D        | Killed a nagaraja
  5459 | D        | Received a gift from Okawaru
  5466 | D        | Killed a nagaraja
  5469 | D        | Killed a nagaraja
  5469 | D        | Reached XP level 16. HP: 155/156 MP: 20/24
  5484 | D        | Got a serpentine rune of Zot
  5486 | D        | Got a slimy falchion {god gift}
  5487 | D        | Identified the +1 falchion of Quarrel {slice, +Fly rF- rN+++ MR-} (Okawaru gifted it to you in the Dungeon)
  5604 | D        | Got a decaying rune of Zot
  5739 | D        | Received a gift from Okawaru
  5854 | D        | Noticed a tentacled monstrosity
  5880 | D        | Killed a tentacled monstrosity
  5887 | D        | Noticed a shadow dragon
  5897 | D        | Noticed a shadow dragon
  5931 | D        | Killed a shadow dragon
  5947 | D        | Noticed a titan
  5947 | D        | Killed a shadow dragon
  5949 | D        | Noticed an Orb Guardian
  5957 | D        | Received a gift from Okawaru
  5984 | D        | Killed a titan
  5993 | D        | Killed an Orb Guardian
  6012 | D        | Got a shimmering scale mail {god gift}
  6023 | D        | Gained mutation: You are clumsy. (Dex -2) [mutagenic meat]
  6026 | D        | Lost mutation: You are frail. (-10% HP) [mutagenic meat]
  6111 | D        | Identified the +0 scale mail of Thank Me Later {-Cast rPois MR+ SInv} (Okawaru gifted it to you in the Dungeon)
  6166 | D        | Noticed a shadow dragon
  6166 | D        | Noticed a shadow dragon
  6171 | D        | Reached XP level 17. HP: 190/190 MP: 25/25
  6179 | D        | Noticed a golden dragon
  6199 | D        | Killed a golden dragon
  6213 | D        | Reached skill level 27 in Fighting
  6213 | D        | Reached skill level 27 in Armour
  6213 | D        | Reached skill level 27 in Shields
  6217 | D        | Got a silver rune of Zot
  6347 | D        | Got the ring "Cuamomm" {+Blink MR+}
  6349 | D        | Got the amulet "Nuiloiv" {Inacc rC++ MR+}
  6352 | D        | Got the ring of Quah {rN+ AC+3 Int+3}
  6354 | D        | Got the ring of Xom's Amusement {EV+3 Dex+3}
  6356 | D        | Got the ring "Teizoadd" {+Inv rN+++ MP-9 Int+3}
  6453 | D        | Noticed Azrael
  6463 | D        | Killed Azrael
  6463 | D        | Reached skill level 27 in Long Blades
  6591 | D        | Lost mutation: You are clumsy. (Dex -2) [mutagenic meat]
  6594 | D        | Gained mutation: You are partially covered in icy blue scales. (AC +2) [mutagenic meat]
  6597 | D        | Lost mutation: You are highly resistant to hostile enchantments. (MR++) [mutagenic meat]
  6603 | D        | Gained mutation: Your spells are a little harder to cast, but a little more powerful. [mutagenic meat]
  6614 | D        | Noticed a bone dragon
  6614 | D        | Noticed a golden dragon
  6614 | D        | Noticed a bone dragon
  6630 | D        | Noticed a golden dragon
  6631 | D        | Killed a bone dragon
  6636 | D        | Received a gift from Okawaru
  6665 | D        | Killed a bone dragon
  6674 | D        | Killed a golden dragon
  6677 | D        | Noticed a bone dragon
  6681 | D        | Killed a golden dragon
  6681 | D        | Reached skill level 27 in Dodging
  6697 | D        | Reached skill level 15 in Invocations
  6716 | D        | Killed a bone dragon
  6764 | D        | Noticed a golden dragon
  6778 | D        | Received a gift from Okawaru
  6793 | D        | Killed a golden dragon
  6845 | D        | Noticed a tentacled monstrosity
  6886 | D        | Killed a tentacled monstrosity
  6887 | D        | Reached XP level 18. HP: 200/200 MP: 31/31
  7047 | D        | Lost mutation: Your spells are a little harder to cast, but a little more powerful. [mutagenic meat]
  7050 | D        | Lost mutation: You rapidly evolve. [mutagenic meat]
  7053 | D        | Gained mutation: You are agile. (Dex +2) [mutagenic meat]
  7056 | D        | Gained mutation: You have hoof-like feet. [mutagenic meat]
  7111 | D        | Received a gift from Okawaru
  7116 | D        | Noticed a tentacled monstrosity
  7133 | D        | Killed a tentacled monstrosity
  7181 | D        | Got a distressingly furry scale mail {god gift}
  7192 | D        | Identified the +2 scale mail of Ibruovap {rElec rCorr} (Okawaru gifted it to you in the Dungeon)
  7389 | D        | Noticed an Orb Guardian
  7389 | D        | Noticed an Orb Guardian
  7389 | D        | Noticed an Orb Guardian
  7389 | D        | Noticed an Orb Guardian
  7389 | D        | Noticed an Orb Guardian
  7389 | D        | Noticed an Orb Guardian
  7396 | D        | Killed an Orb Guardian
  7399 | D        | Killed an Orb Guardian
  7404 | D        | Killed an Orb Guardian
  7405 | D        | Noticed an Orb Guardian
  7409 | D        | Killed an Orb Guardian
  7409 | D        | Reached skill level 27 in Invocations
  7410 | D        | Noticed an Orb Guardian
  7415 | D        | Killed an Orb Guardian
  7416 | D        | Noticed an Orb Guardian
  7422 | D        | Killed an Orb Guardian
  7423 | D        | Noticed an Orb Guardian
  7429 | D        | Killed an Orb Guardian
  7429 | D        | Reached skill level 5 in Spellcasting
  7433 | D        | Killed an Orb Guardian
  7442 | D        | Killed an Orb Guardian
  7449 | D        | Killed an Orb Guardian
  7454 | D        | Noticed an Orb Guardian
  7454 | D        | Noticed an Orb Guardian
  7455 | D        | Noticed an Orb Guardian
  7459 | D        | Reached skill level 10 in Evocations
  7468 | D        | Killed an Orb Guardian
  7469 | D        | Noticed an Orb Guardian
  7472 | D        | Killed an Orb Guardian
  7477 | D        | Killed an Orb Guardian
  7477 | D        | Received a gift from Okawaru
  7490 | D        | Killed an Orb Guardian
  7490 | D        | Reached skill level 10 in Spellcasting
  7506 | D        | Got a scorched long sword {god gift}
  7507 | D        | Identified the +11 long sword "Qaetuda" {slice, -Tele Int+3 Dex+2 SInv} (Okawaru gifted it to you in the Dungeon)
  7586 | D        | Noticed an ancient lich
  7596 | D        | Killed an ancient lich
  7599 | D        | Noticed an orb of fire
  7611 | D        | Gained mutation: You are frail. (-10% HP) [an orb of fire]
  7613 | D        | Killed an orb of fire
  7613 | D        | Reached skill level 15 in Evocations
  7613 | D        | Reached XP level 19. HP: 171/186 MP: 30/35
  7616 | D        | Noticed an electric golem
  7622 | D        | Killed an electric golem
  7664 | D        | Noticed an ancient lich
  7664 | D        | Noticed an ancient lich
  7664 | D        | Noticed an orb of fire
  7670 | D        | Killed an ancient lich
  7670 | D        | Received a gift from Okawaru
  7678 | D        | Killed an ancient lich
  7679 | D        | Noticed an orb of fire
  7681 | D        | Gained mutation: Your body often deteriorates upon taking damage. [an orb of fire]
  7687 | D        | Gained mutation: You are weak. (Str -2) [an orb of fire]
  7697 | D        | Lost mutation: You are partially covered in yellow scales. (AC +2) [an orb of fire]
  7700 | D        | Killed an orb of fire
  7713 | D        | Killed an orb of fire
  7713 | D        | Reached skill level 15 in Spellcasting
  7727 | D        | Noticed an electric golem
  7740 | D        | Noticed an ancient lich
  7743 | D        | Noticed an electric golem
  7760 | D        | Killed an ancient lich
  7777 | D        | Killed an electric golem
  7783 | D        | Killed an electric golem
  7986 | D        | Received a gift from Okawaru
  8087 | D        | Reached XP level 20. HP: 194/194 MP: 40/42
  8174 | D        | Noticed an ancient lich
  8190 | D        | Killed an ancient lich
  8333 | D        | Received a gift from Okawaru
  8401 | D        | Got an elven rune of Zot
  8423 | D        | Identified a +2 pair of boots of running (Okawaru gifted it to you in the Dungeon)
  8488 | D        | Paralysed by a floating eye for 3 turns
  8500 | D        | Noticed the Royal Jelly
  8521 | D        | Reached skill level 27 in Evocations
  8531 | D        | Paralysed by a floating eye for 2 turns
  8538 | D        | Killed the Royal Jelly
  8552 | D        | Paralysed by a floating eye for 2 turns
  8600 | D        | Got a slimy rune of Zot
  8847 | D        | Received a gift from Okawaru
  8865 | D        | Reached XP level 21. HP: 197/201 MP: 49/49
  8895 | D        | Got a scorched demon blade {god gift}
  8896 | D        | Identified the +7 demon blade "Goblin's Foe" {pain, rPois Str+7} (Okawaru gifted it to you in the Dungeon)
  9173 | D        | Noticed a greater mummy
  9187 | D        | Killed a greater mummy
  9188 | D        | Noticed a greater mummy
  9231 | D        | Killed a greater mummy
  9231 | D        | Reached skill level 27 in Spellcasting
  9446 | D        | Noticed a greater mummy
  9446 | D        | Noticed a greater mummy
  9446 | D        | Noticed a greater mummy
  9460 | D        | Killed a greater mummy
  9566 | D        | Gained mutation: You are very agile. (Dex +4) [evolution]
  9668 | D        | Killed a greater mummy
  9736 | D        | Noticed a greater mummy
  9743 | D        | Reached skill level 15 in Throwing
  9759 | D        | Killed a greater mummy
  9770 | D        | Killed a greater mummy
  9770 | D        | Received a gift from Okawaru
  9776 | D        | Noticed a greater mummy
  9800 | D        | Killed a greater mummy
  9811 | D        | Got a golden rune of Zot
 10063 | D        | Got an abyssal rune of Zot
 10296 | D        | Noticed Geryon
 10316 | D        | Killed Geryon
 10316 | D        | Received a gift from Okawaru
 10328 | D        | Noticed Asmodeus
 10328 | D        | Noticed Dispater
 10329 | D        | Noticed Lom Lobon
 10621 | D        | Killed Asmodeus
 10621 | D        | Received a gift from Okawaru
 10935 | D        | Killed Dispater
 11097 | D        | Noticed Gloorx Vloq
 11105 | D        | Killed from afar by Lom Lobon

Vault maps used:
D:        linesprint

Skill      XL: |  1  2  3  4  5  6  7  8  9 10 11 12 13 14 15 16 17 18 19 20 21 |
---------------+----------------------------------------------------------------+-----
Fighting       | 4 5 6 9 10 11 12 14 16 18 19 22 24 26 27 | 27.0
Long Blades    | 3 4 5 8 10 11 12 14 16 17 19 21 24 26 27 | 27.0
Armour         | 4 5 6 9 10 11 13 14 16 18 20 22 24 26 27 | 27.0
Shields        | 4 5 6 9 10 11 13 14 16 18 20 22 24 26 27 | 27.0
Invocations    | 5 7 8 9 11 12 21 27 | 27.0
Dodging        | 2 8 12 15 18 21 27 | 27.0
Spellcasting   | 12 19 25 27 | 27.0
Evocations     | 15 23 27 | 27.0
Throwing       | 25 | 25.4

Action                   |  1- 3 |  4- 6 |  7- 9 | 10-12 | 13-15 | 16-18 | 19-21 || total
-------------------------+-------+-------+-------+-------+-------+-------+-------++-------
Melee: Long sword        |    21 |     1 |       |       |       |    23 |   801 ||   846
       Headbutt          |     4 |     1 |    28 |   106 |   212 |   310 |   374 ||  1035
       Scimitar          |       |     5 |   107 |   262 |       |       |       ||   374
       Demon blade       |       |       |       |   144 |   681 |   751 |       ||  1576
       Rapier            |       |       |       |       |     5 |    58 |       ||    63
Throw: Javelin           |       |       |       |       |    10 |       |       ||    10
Invok: Heroism           |       |       |     1 |     5 |    10 |     6 |       ||    22
       Finesse           |       |       |     1 |     4 |    10 |     8 |    14 ||    37
Evoke: Wand              |       |     1 |       |       |     6 |       |       ||     7
       Horn of Geryon    |       |       |       |       |       |       |     1 ||     1
  Use: Scroll            |       |       |       |     1 |     3 |     2 |       ||     6
       Potion            |       |       |       |       |    10 |       |     4 ||    14
 Stab: Confused          |       |       |       |       |       |     3 |       ||     3
  Eat: Chunk             |       |       |       |     7 |    25 |    18 |     5 ||    55
       Bread ration      |       |       |       |       |     1 |       |       ||     1
       Fruit             |       |       |       |       |       |       |     5 ||     5
Armor: Scale mail        |    11 |       |    34 |    28 |       |       |       ||    73
       Plate armour      |       |       |       |    47 |   104 |    41 |       ||   192
       Gold dragon armou |       |       |       |       |       |    46 |   108 ||   154
Dodge: Dodged            |     5 |     1 |    31 |    68 |   115 |   137 |   119 ||   476
Block: Shield            |     6 |     3 |    41 |   144 |   143 |       |       ||   337
       Reflection        |       |       |       |       |     1 |       |       ||     1
       Large shield      |       |       |       |       |   129 |   442 |   383 ||   954
